 Dungeon Crawl Stone Soup version 0.26-a0-812-g31a745ddcd (webtiles) character file.

Game seed: 16815986955589392331

728 mkm the Covered (level 7, 0/91 HPs)
             Began as a Minotaur Berserker on Nov 20, 2020.
             Was a Priest of Trog.
             Slain by an ogre
             ... wielding a +0 giant club
              (8 damage)
             ... on level 5 of the Dungeon.
             The game lasted 00:12:28 (2898 turns).

mkm the Covered (Minotaur Berserker)                Turns: 2898, Time: 00:12:29

Health: 0/91       AC: 17    Str: 23    XL:     7   Next: 44%
Magic:  2/2        EV:  9    Int:  4    God:    Trog [***...]
Gold:   183        SH:  0    Dex: 10    Spells: 6/6 levels left

rFire    . . .     SeeInvis .   e - +3 spear (antimagic)
rCold    . . .     Faith    .   (no shield)
rNeg     . . .     Spirit   .   l - +0 chain mail
rPois    .         Reflect  .   (helmet restricted)
rElec    .         Harm     .   m - +2 cloak {rCorr}
rCorr    +         Rampage  .   (no gloves)
MR       .....                  (no boots)
Stlth    ..........             (no amulet)
HPRegen  0.25/turn              h - +4 ring of protection
MPRegen  0.08/turn              (no ring)

@: berserking, very quick
A: retaliatory headbutt, horns 2
a: Berserk, Trog's Hand, Renounce Religion


You were on level 5 of the Dungeon.
You worshipped Trog.
Trog was most pleased with you.
You visited 1 branch of the dungeon, and saw 5 of its levels.

You collected 183 gold pieces.

Inventory:

Hand Weapons
 a - a +0 mace
 d - a +1 dagger of holy wrath
 e - a +3 antimagic spear (weapon)
Armour
 l - a +0 chain mail (worn)
 m - a +2 cloak of preservation (worn)
Jewellery
 f - a cursed ring of attention {unknown}
 h - a +4 ring of protection (left hand)
 n - a +6 ring of strength {unknown}
 o - an uncursed ring of poison resistance {unknown}
Scrolls
 b - 2 scrolls of amnesia {unknown}
 g - a scroll of remove curse
 j - 4 scrolls of fog
 k - a scroll of identify
Potions
 c - 2 potions of curing
 i - a potion of haste {unknown}
 p - a potion of invisibility {unknown}


   Skills:
 + Level 5.5 Fighting
 + Level 5.5 Maces & Flails
 + Level 3.5 Polearms
 + Level 6.3 Armour
 + Level 3.5 Dodging
 + Level 0.7 Stealth


You had 6 spell levels left.
You didn't know any spells.
Your spell library was empty.

Dungeon Overview and Level Annotations

Branches:
Dungeon (6/15)
 Temple: D:4-7

Altars:
Nemelex Xobeh
Okawaru
Vehumet

Shops:
D:6 *


Innate Abilities, Weirdness & Mutations

You reflexively headbutt those who attack you in melee.
You have a pair of horns on your head.


Message History

An adder comes into view.
You barely miss the ogre.
The ogre is severely wounded.
The adder hisses angrily.
The ogre hits you with a +0 giant club!
You hit the ogre.
The ogre is severely wounded.
You hit the ogre.
You headbutt the ogre, but do no damage.
The ogre is almost dead.
The ogre barely misses you.
A worker ant comes into view.
You barely miss the ogre. Your headbutt misses the ogre.
The ogre is almost dead.
The ogre hits you with a +0 giant club!
* * * LOW HITPOINT WARNING * * *
A red film seems to cover your vision as you go berserk!
You feel yourself moving faster!
You feel mighty! The ogre hits you with a +0 giant club!
You die...

... ... . .. ..
.B .. #.
###.### ### #.
.......
.....#S#O......
#...@.#
.............#
...#.....###.#
. #.#.#.# #.#.
.. . #. ### #
#. #.


You could see an ogre, a worker ant and an adder.

Vanquished Creatures
  An ogre (D:6)
  A centaur (D:6)
  3 bullfrogs (D:6)
  A scorpion (D:6)
  3 orc priests (D:6)
  A centaur skeleton (D:5)
  2 orc wizards (D:6)
  A killer bee zombie (D:6)
  Robin (D:2)
  4 gnolls (D:6)
  2 adders (D:2)
  A worm (D:3)
  A dart slug (D:1)
  A leopard gecko (D:6)
  3 orcs (D:6)
  3 bats
  2 giant cockroaches
  13 goblins
  4 hobgoblins
  7 jackals (D:2)
  4 frilled lizards
  5 kobolds
  A quokka skeleton (D:6)
  2 rats
67 creatures vanquished.

Notes
Turn   | Place    | Note
-------+----------+-------------------------------------------
     0 | D:1      | mkm the Minotaur Berserker began the quest for the Orb.
     0 | D:1      | Reached XP level 1. HP: 19/19 MP: 0/0
   354 | D:1      | Reached XP level 2. HP: 27/27 MP: 1/1
   929 | D:2      | Reached XP level 3. HP: 34/34 MP: 2/2
  1050 | D:2      | Reached ** piety under Trog
  1548 | D:2      | Noticed Robin
  1555 | D:2      | Killed Robin
  1556 | D:2      | Reached XP level 4. HP: 41/41 MP: 3/3
  1559 | D:2      | Reached skill level 3 in Armour
  2172 | D:3      | Found an iron altar of Okawaru.
  2259 | D:3      | You fall into a shaft and drop 3 floors!
  2280 | D:6      | Noticed a bullfrog
  2286 | D:6      | Killed a bullfrog
  2286 | D:6      | Reached XP level 5. HP: 46/47 MP: 1/4
  2324 | D:6      | Found a radiant altar of Vehumet.
  2324 | D:6      | Found a sparkling altar of Nemelex Xobeh.
  2329 | D:6      | Reached skill level 5 in Maces & Flails
  2329 | D:6      | Reached skill level 4 in Armour
  2329 | D:6      | Reached skill level 5 in Fighting
  2461 | D:6      | Found Cenut's General Store.
  2473 | D:6      | Reached skill level 1 in Polearms
  2473 | D:6      | Reached XP level 6. HP: 44/56 MP: 1/5
  2588 | D:6      | Reached skill level 5 in Armour
  2610 | D:6      | Reached *** piety under Trog
  2615 | D:6      | Reached XP level 7. HP: 24/61 MP: 2/6
  2737 | D:6      | Reached skill level 6 in Armour
  2887 | D:5      | Entered Level 5 of the Dungeon
  2898 | D:5      | Slain by an ogre

Illustrated notes

Levels and vault maps discovered:
D:1:      sevenhm_arrival_forest_fort_large_4, layout_loops_ring
D:2:      layout_loops_ring, chequers_hall_statues_corner_a, uniq_robin
D:3:      minmay_recursive_quarters, layout_basic, st_stairs_11,
          okawaru_metal_pillars_1_2
D:5:      layout_loops_corners, old_standard_altar,
          minmay_temple_entry_poolview, uniq_prince_ribbit1
D:6:      layout_rooms, gammafunk_temple_overflow_wave, serial_shops, shop,
          ebering_dispersal_statue_hall, nemelex_altar_shiori

Skill      XL: |  1  2  3  4  5  6  7 |
---------------+----------------------+-----
Maces & Flails | 4 5 |  5.5
Fighting       | 4 5 |  5.5
Armour         | 3 4 5 6 |  6.3
Dodging        | 3 |  3.5
Polearms       | 1 2 3 |  3.5
Stealth        | |  0.7

Action                   |  1- 3 |  4- 6 |  7- 9 || total
-------------------------+-------+-------+-------++-------
Melee: Mace              |     7 |       |       ||     7
       Whip              |    87 |    31 |       ||   118
       Headbutt          |    13 |    14 |     9 ||    36
       Spear             |       |    64 |    28 ||    92
Invok: Berserk           |     1 |     3 |     1 ||     5
  Use: Scroll            |     3 |     3 |       ||     6
       Potion            |     5 |     1 |       ||     6
Armor: Animal skin       |     1 |       |       ||     1
       Ring mail         |    37 |     5 |       ||    42
       Chain mail        |       |    68 |     9 ||    77
Dodge: Dodged            |    59 |    49 |    15 ||   123

Table legend: (Time is in decaauts)
 A = Elapsed time spent in this place.
 B = Non-inter-level travel time spent in this place.
 C = Inter-level travel time spent in this place.
 D = Time resting spent in this place.
 E = Time spent auto-exploring this place.
 F = Levels seen in this place.
 G = Mean time per level.
                   A        B        C        D        E       F      G
               +--------+--------+--------+--------+--------+-----+--------+
         Total |   2927 |   2837 |     90 |     77 |   2040 |   5 |  585.4 |
       Dungeon |   2927 |   2837 |     90 |     77 |   2040 |   5 |  585.4 |
               +--------+--------+--------+--------+--------+-----+--------+

Top non-repeatable levels by time:
     D:2: 1136 daAuts
     D:1: 900 daAuts
     D:6: 661 daAuts
     D:3: 219 daAuts
     D:5: 9 daAuts
